TOP OF THE 1ST |
Louisiana Dragoons batting - Pitching for Grim Reapers : RHP Freddy Calcines
|
Pitching: RHP Freddy Calcines
|
|
Batting: RHB Cristóbal Arteaga
|
0-0: Ball 1-0: Called Strike 1-1: Foul Ball, location: 2F 1-2: Strikes out swinging
|
Batting: RHB Mauro Jasso
|
0-0: Ball 1-0: Swinging Strike 1-1: Ball 2-1: Ball 3-1: Foul Ball, location: 2F 3-2: Foul Ball, location: 2F 3-2: Strikes out swinging
|
Batting: SHB Yeow-whye Zhu
|
0-0: Swinging Strike 0-1: Foul Ball, location: 2F 0-2: Ball 1-2: Strikes out swinging
|
Top of the 1st over - 0 runs, 0 hits, 0 errors, 0 left on base; Louisiana 0 - Grim 0 |
BOTTOM OF THE 1ST |
Grim Reapers batting - Pitching for Louisiana Dragoons : RHP Gabriel Durango
|
Pitching: RHP Gabriel Durango
|
|
Batting: LHB Lorenzo Ortíz
|
0-0: Ball 1-0: Foul Ball, location: 2F 1-1: Ball 2-1: Ball 3-1: SINGLE (Line Drive, 4MD, EV 101.9 MPH)
|
Batting: RHB Hayes Rutherford
|
0-0: Swinging Strike 0-1: Ground out 6-3 (Groundball, 56, EV 88.8 MPH) Lorenzo Ortíz to second
|
Batting: RHB Lonnie Doble
|
0-0: Called Strike 0-1: Ball 1-1: Ball 2-1: Swinging Strike 2-2: DOUBLE (Line Drive, 5D, EV 93.8 MPH) Lorenzo Ortíz scores
|
Batting: SHB Fernando Urby
|
0-0: Ground out 3-1 (Groundball, 34, EV 105.6 MPH) Lonnie Doble to third
|
Batting: SHB Tekkan Hayagawa
|
0-0: SINGLE (Groundball, 4MD, EV 96.2 MPH) Lonnie Doble scores
|
Batting: RHB Gene Blanton
|
0-0: Called Strike 0-1: SINGLE (Line Drive, 7LS, EV 110.0 MPH) Tekkan Hayagawa to second
|
Batting: RHB Adrián Sánchez
|
0-0: Called Strike 0-1: Foul Ball, location: 2F 0-2: Ball 1-2: Foul Ball, location: 2F 1-2: Ball 2-2: Ball 3-2: Fly out, F4 (Popup, 4, EV 64.4 MPH)
|
Bottom of the 1st over - 2 runs, 4 hits, 0 errors, 2 left on base; Louisiana 0 - Grim 2 |
TOP OF THE 2ND |
Louisiana Dragoons batting - Pitching for Grim Reapers : RHP Freddy Calcines
|
Batting: LHB Abraham Ruenuitz
|
0-0: Ball 1-0: Ball 2-0: Ball 3-0: Called Strike 3-1: Fly out, F7 (Flyball, 7S, EV 88.1 MPH)
|
Batting: RHB Jesse Garrett
|
0-0: Called Strike 0-1: Ball 1-1: Foul Ball, location: 2F 1-2: Foul Ball, location: 2F 1-2: Ball 2-2: Ball 3-2: Fly out, F7 (Line Drive, 7D, EV 93.1 MPH)
|
Batting: RHB Jun-soo Yi
|
0-0: Called Strike 0-1: Ball 1-1: Called Strike 1-2: Ball 2-2: Ground out 4-3 (Groundball, 4MS, EV 81.2 MPH)
|
Top of the 2nd over - 0 runs, 0 hits, 0 errors, 0 left on base; Louisiana 0 - Grim 2 |
BOTTOM OF THE 2ND |
Grim Reapers batting - Pitching for Louisiana Dragoons : RHP Gabriel Durango
|
Batting: RHB Chi-eun Mun
|
0-0: Ground out 1-3 (Groundball, P, EV 93.1 MPH)
|
Batting: RHB Alfred Coleman
|
0-0: Foul Ball, location: 2F 0-1: SINGLE (Groundball, 6, EV 84.4 MPH) (infield hit)
|
Batting: LHB Lorenzo Ortíz
|
0-0: Foul Ball, location: 2F 0-1: Swinging Strike 0-2: Strikes out swinging
|
Batting: RHB Hayes Rutherford
|
0-0: Called Strike 0-1: Ball 1-1: Swinging Strike 1-2: Strikes out looking
|
Bottom of the 2nd over - 0 runs, 1 hit, 0 errors, 1 left on base; Louisiana 0 - Grim 2 |
TOP OF THE 3RD |
Louisiana Dragoons batting - Pitching for Grim Reapers : RHP Freddy Calcines
|
Batting: RHB Aubrey Callahan
|
0-0: Called Strike 0-1: Ball 1-1: Swinging Strike 1-2: Foul Ball, location: 2F 1-2: Ball 2-2: Strikes out looking
|
Batting: LHB Rashid Jeltkov
|
0-0: Called Strike 0-1: Swinging Strike 0-2: Foul Ball, location: 2F 0-2: Strikes out swinging
|
Batting: SHB Ron Carlisle
|
0-0: Foul Ball, location: 2F 0-1: Fly out, F7 (Flyball, 7LS, EV 93.8 MPH)
|
Top of the 3rd over - 0 runs, 0 hits, 0 errors, 0 left on base; Louisiana 0 - Grim 2 |
BOTTOM OF THE 3RD |
Grim Reapers batting - Pitching for Louisiana Dragoons : RHP Gabriel Durango
|
Batting: RHB Lonnie Doble
|
0-0: Called Strike 0-1: Foul Ball, location: 2F 0-2: Ball 1-2: Ball 2-2: Ball 3-2: Fly out, F7 (Line Drive, 7, EV 110.6 MPH)
|
Batting: SHB Fernando Urby
|
0-0: DOUBLE (Flyball, 8LXD, EV 93.1 MPH)
|
Batting: SHB Tekkan Hayagawa
|
0-0: Ball 1-0: Ball 2-0: Ball 3-0: Called Strike 3-1: SINGLE (Flyball, 8RS, EV 94.4 MPH) Fernando Urby to third
|
Batting: RHB Gene Blanton
|
0-0: Ball 1-0: Foul Ball, location: 2F 1-1: Called Strike 1-2: Ball 2-2: Strikes out looking
|
Batting: RHB Adrián Sánchez
|
0-0: Called Strike 0-1: Ball 1-1: Ball 2-1: Ground out 1-3 (Groundball, 13, EV 84.4 MPH)
|
Bottom of the 3rd over - 0 runs, 2 hits, 0 errors, 2 left on base; Louisiana 0 - Grim 2 |
TOP OF THE 4TH |
Louisiana Dragoons batting - Pitching for Grim Reapers : RHP Freddy Calcines
|
Batting: RHB Cristóbal Arteaga
|
0-0: Called Strike 0-1: Foul Ball, location: 2F 0-2: Ground out 6-3 (Groundball, 6M, EV 103.1 MPH)
|
Batting: RHB Mauro Jasso
|
0-0: Called Strike 0-1: Swinging Strike 0-2: Ball 1-2: Strikes out swinging
|
Batting: SHB Yeow-whye Zhu
|
0-0: Called Strike 0-1: Ball 1-1: Called Strike 1-2: Foul Ball, location: 2F 1-2: Strikes out looking
|
Top of the 4th over - 0 runs, 0 hits, 0 errors, 0 left on base; Louisiana 0 - Grim 2 |
BOTTOM OF THE 4TH |
Grim Reapers batting - Pitching for Louisiana Dragoons : RHP Gabriel Durango
|
Batting: RHB Chi-eun Mun
|
0-0: SINGLE (Groundball, 6MD, EV 101.2 MPH)
|
Batting: RHB Alfred Coleman
|
0-0: Called Strike 0-1: Foul Ball, location: 2F 0-2: Ball 1-2: Foul Ball, location: 2F 1-2: Strikes out looking
|
Batting: LHB Lorenzo Ortíz
|
0-0: Called Strike 0-1: Grounds into double play, 6-4-3 (Groundball, 6, EV 103.8 MPH)
|
Bottom of the 4th over - 0 runs, 1 hit, 0 errors, 0 left on base; Louisiana 0 - Grim 2 |
TOP OF THE 5TH |
Louisiana Dragoons batting - Pitching for Grim Reapers : RHP Freddy Calcines
|
Batting: LHB Abraham Ruenuitz
|
0-0: Ball 1-0: SINGLE (Groundball, 4, EV 101.9 MPH) (infield hit)
|
Batting: RHB Jesse Garrett
|
0-0: Called Strike 0-1: Called Strike 0-2: Ball 1-2: Ball 2-2: Grounds into double play, 3-6-3 (Groundball, 3, EV 103.1 MPH)
|
Batting: RHB Jun-soo Yi
|
0-0: Foul Ball, location: 2F 0-1: Foul Ball, location: 2F 0-2: Ball 1-2: Ball 2-2: Foul Ball, location: 2F 2-2: Ball 3-2: Base on Balls
|
Batting: RHB Aubrey Callahan
|
0-0: Swinging Strike 0-1: Foul Ball, location: 2F 0-2: Strikes out swinging
|
Top of the 5th over - 0 runs, 1 hit, 0 errors, 1 left on base; Louisiana 0 - Grim 2 |
BOTTOM OF THE 5TH |
Grim Reapers batting - Pitching for Louisiana Dragoons : RHP Gabriel Durango
|
Batting: RHB Hayes Rutherford
|
0-0: Ball 1-0: Swinging Strike 1-1: Ground out 4-3 (Groundball, 4S, EV 75.0 MPH)
|
Batting: RHB Lonnie Doble
|
0-0: Swinging Strike 0-1: Foul Ball, location: 2F 0-2: Ball 1-2: Ground out 6-3 (Groundball, 6, EV 81.2 MPH)
|
Batting: SHB Fernando Urby
|
0-0: Ball 1-0: Called Strike 1-1: Ball 2-1: Ball 3-1: SOLO HOME RUN (Line Drive, 9D, EV 100.6 MPH), Distance : 368 ft
|
Batting: SHB Tekkan Hayagawa
|
0-0: Ball 1-0: Fly out, F9 (Line Drive, 89M, EV 105.6 MPH)
|
Bottom of the 5th over - 1 run, 1 hit, 0 errors, 0 left on base; Louisiana 0 - Grim 3 |
TOP OF THE 6TH |
Louisiana Dragoons batting - Pitching for Grim Reapers : RHP Freddy Calcines
|
Batting: LHB Rashid Jeltkov
|
0-0: Ground out 4-3 (Groundball, 4, EV 81.9 MPH)
|
Batting: SHB Ron Carlisle
|
0-0: Fly out, F7 (Flyball, 78S, EV 90.0 MPH)
|
Batting: RHB Cristóbal Arteaga
|
0-0: Swinging Strike 0-1: Swinging Strike 0-2: Ball 1-2: Ball 2-2: Foul Ball, location: 2F 2-2: Foul Ball, location: 2F 2-2: Strikes out swinging
|
Top of the 6th over - 0 runs, 0 hits, 0 errors, 0 left on base; Louisiana 0 - Grim 3 |
BOTTOM OF THE 6TH |
Grim Reapers batting - Pitching for Louisiana Dragoons : RHP Gabriel Durango
|
Batting: RHB Gene Blanton
|
0-0: Ball 1-0: Called Strike 1-1: Bunt for hit to 25 - play at first, batter OUT! 5-3
|
Batting: RHB Adrián Sánchez
|
0-0: Ball 1-0: Called Strike 1-1: Foul Ball, location: 2F 1-2: Fly out, F8 (Flyball, 8LD, EV 100.0 MPH)
|
Batting: RHB Chi-eun Mun
|
0-0: Called Strike 0-1: Ball 1-1: Ground out 4-3 (Groundball, 4, EV 90.6 MPH)
|
Bottom of the 6th over - 0 runs, 0 hits, 0 errors, 0 left on base; Louisiana 0 - Grim 3 |
TOP OF THE 7TH |
Louisiana Dragoons batting - Pitching for Grim Reapers : RHP Freddy Calcines
|
Batting: RHB Mauro Jasso
|
0-0: Called Strike 0-1: Foul Ball, location: 2F 0-2: Ball 1-2: SINGLE (Groundball, 5D, EV 94.4 MPH)
|
Batting: SHB Yeow-whye Zhu
|
0-0: Ball 1-0: Foul Ball, location: 2F 1-1: Called Strike 1-2: Ball 2-2: SINGLE (Groundball, 34D, EV 106.9 MPH) Mauro Jasso to second Runner from 2nd tries for 3rd, SAFE, no throw by RF
|
Pitching: RHP Lorenzo Carregosa
|
|
Batting: LHB Abraham Ruenuitz
|
0-0: Ball 1-0: DOUBLE (Flyball, 9LD, EV 106.2 MPH) Mauro Jasso scores Yeow-whye Zhu to third
|
Pinch Hitting: RHB Jerry Williams
|
0-0: Ball 1-0: Foul Ball, location: 2F 1-1: Ball 2-1: Foul Ball, location: 2F 2-2: Foul Ball, location: 2F 2-2: Foul Ball, location: 2F 2-2: 3-RUN HOME RUN (Line Drive, 7D, EV 103.1 MPH), Distance : 379 ft
|
Batting: RHB Jun-soo Yi
|
0-0: Foul Ball, location: 2F 0-1: Ball 1-1: Ball 2-1: Ball 3-1: Base on Balls
|
Batting: RHB Aubrey Callahan
|
0-0: Foul Ball, location: 2F 0-1: Ball 1-1: Swinging Strike 1-2: Strikes out looking
|
Batting: LHB Rashid Jeltkov
|
0-0: Ball 1-0: Swinging Strike 1-1: Ball 2-1: Ball 3-1: Swinging Strike 3-2: Strikes out swinging
|
Batting: SHB Ron Carlisle
|
0-0: Ball 1-0: Called Strike 1-1: Swinging Strike 1-2: Strikes out swinging
|
Top of the 7th over - 4 runs, 4 hits, 0 errors, 1 left on base; Louisiana 4 - Grim 3 |
BOTTOM OF THE 7TH |
Grim Reapers batting - Pitching for Louisiana Dragoons : RHP Gabriel Durango
|
Pitching: RHP Roy Lowe
|
|
Now at 3B: Si-xun Jin
|
|
Batting: RHB Alfred Coleman
|
0-0: Called Strike 0-1: Ball 1-1: Ball 2-1: Ball 3-1: Base on Balls
|
Batting: LHB Lorenzo Ortíz
|
0-0: Sac Bunt to 15S - play at second, runner OUT! 1-6
|
Batting: RHB Hayes Rutherford
|
0-0: Ball 1-0: Swinging Strike 1-1: Ball 2-1: Fielders Choice at 2nd, 4-6 (Groundball, 4, EV 108.1 MPH)
|
Batting: RHB Lonnie Doble
|
0-0: Called Strike 0-1: Called Strike 0-2: Foul Ball, location: 2F 0-2: Ball 1-2: Foul Ball, location: 2F 1-2: Ground out 1-3 (Groundball, 15, EV 79.4 MPH)
|
Bottom of the 7th over - 0 runs, 0 hits, 0 errors, 1 left on base; Louisiana 4 - Grim 3 |
TOP OF THE 8TH |
Louisiana Dragoons batting - Pitching for Grim Reapers : RHP Lorenzo Carregosa
|
Batting: RHB Cristóbal Arteaga
|
0-0: Ball 1-0: Ball 2-0: SINGLE (Groundball, 56D, EV 95.6 MPH)
|
Batting: RHB Mauro Jasso
|
0-0: Ball 1-0: Ball 2-0: Ball 3-0: Called Strike 3-1: Called Strike 3-2: Fly out, F7 (Flyball, 78D, EV 100.6 MPH)
|
Batting: SHB Yeow-whye Zhu
|
0-0: Foul Ball, location: 2F 0-1: Ball 1-1: Called Strike 1-2: Strikes out looking
|
Batting: LHB Abraham Ruenuitz
|
0-0: Ball 1-0: Ball 2-0: Ball 3-0: Base on Balls Cristóbal Arteaga to second
|
Batting: RHB Si-xun Jin
|
0-0: Ball 1-0: Called Strike 1-1: Foul Ball, location: 2F 1-2: Strikes out swinging
|
Top of the 8th over - 0 runs, 1 hit, 0 errors, 2 left on base; Louisiana 4 - Grim 3 |
BOTTOM OF THE 8TH |
Grim Reapers batting - Pitching for Louisiana Dragoons : RHP Roy Lowe
|
Batting: SHB Fernando Urby
|
0-0: Ball 1-0: Foul Ball, location: 2F 1-1: Ball 2-1: Foul Ball, location: 2F 2-2: Fly out, F9 (Flyball, 89M, EV 91.2 MPH)
|
Batting: SHB Tekkan Hayagawa
|
0-0: Called Strike 0-1: Swinging Strike 0-2: Ball 1-2: Ball 2-2: Strikes out swinging
|
Batting: RHB Gene Blanton
|
0-0: Fly out, F9 (Flyball, 89D, EV 85.6 MPH)
|
Bottom of the 8th over - 0 runs, 0 hits, 0 errors, 0 left on base; Louisiana 4 - Grim 3 |
TOP OF THE 9TH |
Louisiana Dragoons batting - Pitching for Grim Reapers : RHP Lorenzo Carregosa
|
Pitching: RHP Charlie Bottari
|
|
Batting: RHB Jun-soo Yi
|
0-0: Called Strike 0-1: Fly out, F9 (Line Drive, 9, EV 85.0 MPH)
|
Pitching: RHP Alex O'Dell
|
|
Batting: RHB Aubrey Callahan
|
0-0: Fly out, F7 (Flyball, 7LMF, EV 94.4 MPH)
|
Batting: LHB Rashid Jeltkov
|
0-0: Swinging Strike 0-1: Ground out 5-3 (Groundball, 56S, EV 75.6 MPH)
|
Top of the 9th over - 0 runs, 0 hits, 0 errors, 0 left on base; Louisiana 4 - Grim 3 |
BOTTOM OF THE 9TH |
Grim Reapers batting - Pitching for Louisiana Dragoons : RHP Roy Lowe
|
Pitching: RHP Maverick McNealy
|
|
Now in CF: Colt Allen
|
|
Pinch Hitting: LHB Lonnie Baker
|
0-0: Called Strike 0-1: Fly out, F4 (Line Drive, 4, EV 67.5 MPH)
|
Batting: RHB Chi-eun Mun
|
0-0: Called Strike 0-1: Ball 1-1: Ball 2-1: Ball 3-1: Foul Ball, location: 2F 3-2: Strikes out swinging
|
Batting: RHB Alfred Coleman
|
0-0: Ball 1-0: Swinging Strike 1-1: Ground out 4-3 (Groundball, 4, EV 86.2 MPH)
|
Bottom of the 9th over - 0 runs, 0 hits, 0 errors, 0 left on base; Louisiana 4 - Grim 3 |
|